 Dungeon Crawl Stone Soup version 0.22.1-2-g9c5b331 (webtiles) character file.

371 diana the Slasher (level 6, 0/44 HPs)
             Began as a Demonspawn Gladiator on Nov 16, 2018.
             Splashed by a jelly's acid (2 damage)
             ... on level 4 of the Dungeon.
             The game lasted 00:04:01 (3405 turns).

diana the Slasher (Demonspawn Gladiator)            Turns: 3405, Time: 00:04:02

Health: 0/44       AC: -2    Str: 17    XL:     6   Next: 42%
Magic:  6/6        EV: 12    Int:  9    God:
Gold:   258        SH:  0    Dex: 14    Spells: 5/5 levels left

rFire    + . .     SeeInvis .   a - +0 long sword
rCold    x . .     Gourm    .   (no shield)
rNeg     . . .     Faith    .   g - +0 ring mail (curse)
rPois    .         Spirit   .   (helmet restricted)
rElec    .         Reflect  .   q - +0 cloak
rCorr    .         Harm     .   (no gloves)
MR       .....                  (no boots)
Stlth    +.........             (no amulet)
HPRegen  0.14/turn              p - +4 ring of slaying
MPRegen  0.10/turn              t - ring of fire

@: corroded
A: horns 1, rot immunity, sturdy frame 1
a: no special abilities


You were on level 4 of the Dungeon.
You were not hungry.

You visited 1 branch of the dungeon, and saw 4 of its levels.

You collected 258 gold pieces.

Inventory:

Hand Weapons
 a - a +0 long sword (weapon)
Missiles
 d - 3 throwing nets (quivered)
Armour
 b - a +0 leather armour
 c - a +0 helmet
 g - a cursed +0 ring mail (worn)
 q - a +0 cloak (worn)
Jewellery
 p - a +4 ring of slaying (left hand)
 t - a ring of fire (right hand)
 v - an uncursed ring of flight {unknown}
Scrolls
 h - a scroll of noise {unknown}
 i - a scroll of random uselessness {unknown}
 l - 3 scrolls of remove curse {unknown}
 m - a scroll of fog {unknown}
 o - a scroll of magic mapping {unknown}
 s - 2 scrolls of identify {unknown}
 u - a scroll of enchant armour {unknown}
Potions
 e - 4 potions of curing
 j - 2 potions of berserk rage {unknown}
 k - 2 potions of cancellation {unknown}
 n - a potion of degeneration {unknown}
 r - 2 potions of ambrosia {unknown}
Comestibles
 f - 5 rations


   Skills:
 - Level 2.0 Fighting
 + Level 6.7 Long Blades
 - Level 1.7 Throwing
 - Level 2.6 Dodging


You had 5 spell levels left.
You didn't know any spells.
Your spell library was empty.

Dungeon Overview and Level Annotations

Branches:
Dungeon (4/15)
 Temple: D:4-7

Altars:
Makhleb


Innate Abilities, Weirdness & Mutations

You have a pair of small horns on your head.
You are immune to rotting.
Your movements are slightly less encumbered by armour. (ER -2)


Message History

You hit the ooze.
The ooze is lightly wounded.
The ooze hits you but does no damage.
You hit the ooze but do no damage.
The ooze is lightly wounded.
The ooze hits you.
You slash the ooze!
The ooze is almost dead.
The ooze jiggles.
The ooze hits you but does no damage.
You hit the ooze.
You kill the ooze!
You slash the jelly! The acid corrodes you!
Your hands burn!
The jelly is heavily wounded.
The jelly hits you.
* * * LOW HITPOINT WARNING * * *
You are splashed with acid!
The acid burns!
* * * LOW HITPOINT WARNING * * *
You slash the jelly!
Your hands burn!
You die...

.########
###########.#..#.#
.##
)P...P...##.#..#.####
..#
..÷P.P...##........<#
#.##
.........##.#..#.####
#..#
÷P.J.P..÷##.#..#.#
##.######
.P.J.J...##.#(.#.#
........#
JP.P.J.J.##.#..#.#
.##.###.# #######J#
#.#..#.#
.##..##.###(...)@##
#.####.###
####.##.##(########
#........#
...#..#.###..'....#
#.####.#.# ...##.#.#
####....###.####.#.#
...##...#
#.......##.......#.#
...###..#
#.......##.###.....#
...# #..#
#..)....##.# #.#####
...# ##.#
#.......##.###.# ####
#.# ##.....###...#.#


You could see a jelly and an ooze.

Vanquished Creatures
  A hound (D:4)
  An orc priest (D:4)
  2 jellies (D:4)
  3 orc wizards (D:4)
  A centaur skeleton (D:4)
  A hound skeleton (D:4)
  An adder (D:2)
  4 oozes (D:4)
  3 worms
  5 dart slugs
  4 leopard geckos
  3 orcs (D:4)
  2 ball pythons
  5 giant cockroaches
  7 goblins
  4 hobgoblins
  5 jackals
  15 kobolds
  8 bats
  3 frilled lizards
  A jackal skeleton (D:3)
  8 rats
87 creatures vanquished.

Vanquished Creatures (others)
  8 toadstools (D:4)
8 creatures vanquished.

Grand Total: 95 creatures vanquished

Notes
Turn   | Place    | Note
-------+----------+-------------------------------------------
     0 | D:1      | diana the Demonspawn Gladiator began the quest for the Orb.
     0 | D:1      | Reached XP level 1. HP: 16/16 MP: 1/1
    51 | D:1      | Reached skill level 3 in Long Blades
   186 | D:1      | Gained mutation: You are immune to rotting. [demonic
                  | ancestry]
   186 | D:1      | Reached XP level 2. HP: 19/22 MP: 2/2
   559 | D:1      | Gained mutation: Your movements are slightly less
                  | encumbered by armour. (ER -2) [demonic ancestry]
   559 | D:1      | Reached XP level 3. HP: 25/27 MP: 3/3
   931 | D:2      | Reached skill level 4 in Long Blades
  1513 | D:2      | Reached XP level 4. HP: 33/33 MP: 4/4
  2122 | D:3      | Found a burning altar of Makhleb.
  2332 | D:4      | Reached skill level 5 in Long Blades
  2349 | D:4      | Reached XP level 5. HP: 22/38 MP: 5/5
  2955 | D:4      | Reached skill level 6 in Long Blades
  2964 | D:4      | Gained mutation: You have a pair of small horns on your
                  | head. [demonic ancestry]
  2964 | D:4      | Reached XP level 6. HP: 10/44 MP: 6/6
  3404 | D:4      | HP: 2/44 [acid (11)]
  3405 | D:4      | Splashed by a jelly's acid

Skill      XL: |  1  2  3  4  5 |
---------------+----------------+-----
Long Blades    | 3 4 5 6 |  6.7
Fighting       | |  2.0
Throwing       | |  1.7
Dodging        | |  2.6

Action                   |  1- 3 |  4- 6 || total
-------------------------+-------+-------++-------
Melee: Long sword        |   141 |   100 ||   241
       Headbutt          |       |     5 ||     5
  Use: Potion            |       |     2 ||     2
  Eat: Chunk             |     2 |     4 ||     6
       Ration            |       |     1 ||     1
Armor: Leather armour    |     7 |       ||     7
       Ring mail         |    73 |    41 ||   114
Dodge: Dodged            |   110 |    69 ||   179
       Rpst.: Long sword |    33 |    23 ||    56
